Map: Moonlight Madness LE (Void)

Players

CunningStunt - Winner!

  • Race: Protoss Protoss
  • League: Gold

tepia

  • Race: Zerg Zerg
  • League: Gold

VOD

Have the link to the VOD?

Description

Time

  • Played on: Sept. 5, 2015, 3:59 a.m.
  • Length: 9:46
Show
View Real Time Build Order
Export as new Build Order

CunningStunt Protoss - Winner!

Build Orders:  

Get SALT Encoding   

  12  0:00  Probe (Chrono Boost)  
  13  0:10  Probe (Chrono Boost)  
  14  0:19  Pylon  
  14  0:21  Probe (Chrono Boost)  
  15  0:37  Probe (Chrono Boost)  
  16  0:47  Probe (Chrono Boost)  
  17  0:57  Probe (Chrono Boost)  
  18  1:06  Nexus  
  18  1:07  Probe (Chrono Boost)  
  19  1:19  Pylon  
  19  1:20  Probe (Chrono Boost)  
  20  1:36  Probe (Chrono Boost)  
  21  1:40  Gateway  
  21  1:43  Forge  
  21  1:54  Assimilator  
  21  1:55  Probe (Chrono Boost)  
  21  1:59  Assimilator  
  22  2:05  Probe (Chrono Boost)  
  23  2:15  Probe (Chrono Boost)  
  24  2:20  Probe (Chrono Boost)  
  25  2:25  Probe (Chrono Boost)  
  26  2:30  Cybernetics Core, Probe (Chrono Boost)  
  26  2:34  Pylon  
  26  2:35  Probe (Chrono Boost)  
  28  2:40  Probe (Chrono Boost)  
  29  2:45  Probe (Chrono Boost)  
  29  2:49  Photon Cannon  
  29  2:51  Probe (Chrono Boost)  
  31  2:55  Probe (Chrono Boost)  
  32  3:01  Probe (Chrono Boost)  
  33  3:05  Probe (Chrono Boost)  
  33  3:06  Assimilator  
  33  3:11  Probe (Chrono Boost)  
  35  3:14  Robotics Facility  
  35  3:15  Probe (Chrono Boost)  
  35  3:16  Warp Gate  
  36  3:29  Pylon  
  36  3:33  Adept  
  38  3:34  Probe x2 (Chrono Boost)  
  40  3:44  Probe (Chrono Boost)  
  40  3:45  Pylon  
  41  3:50  Probe (Chrono Boost)  
  41  3:54  Probe (Chrono Boost)  
  43  3:56  Pylon  
  43  4:00  Probe (Chrono Boost), Adept  
  43  4:01  Immortal  
  50  4:05  Mothership Core (Chrono Boost)  
  50  4:07  Pylon  
  52  4:17  Probe (Chrono Boost)  
  52  4:18  Nexus  
  52  4:21  Assimilator  
  53  4:25  Protoss Ground Weapons Level 1  
  53  4:29  Probe x2 (Chrono Boost)  
  55  4:39  Probe x2 (Chrono Boost), Adept  
  55  4:43  Observer  
  60  4:47  Gateway  
  60  4:48  Gateway  
  60  4:50  Gateway  
  60  4:53  Probe x2 (Chrono Boost)  
  62  5:03  Probe x2 (Chrono Boost)  
  62  5:04  Immortal  
  68  5:12  Twilight Council  
  68  5:13  Probe x2 (Chrono Boost)  
  70  5:23  Probe x2 (Chrono Boost)  
  70  5:25  Pylon  
  70  5:27  Pylon  
  72  5:34  Pylon  
  72  5:41  Stalker  
  74  5:43  Immortal  
  74  5:48  Stalker x3  
  84  6:05  Adept  
  86  6:19  Stalker x2  
  86  6:20  Stalker  
  86  6:23  Immortal  
  96  6:30  Stalker  
  78  6:32  Shield Upgrade (Chrono Boost)  
  78  6:35  Probe x3 (Chrono Boost)  
  72  6:44  Probe x2  
  72  6:47  Probe  
  73  6:51  Adept x2  
  73  6:52  Adept  
  73  6:54  Probe x2  
  79  6:59  Probe  
  74  7:04  Probe x2  
  74  7:05  Immortal  
  78  7:11  Gateway  
  78  7:13  Protoss Ground Weapons Level 2  
  78  7:14  Pylon  
  78  7:22  Adept x3  
  84  7:30  Probe x2  
  84  7:32  Probe  
  87  7:40  Stalker, Probe x2  
  91  7:44  Probe  
  91  7:48  Charge (Chrono Boost)  
  92  7:52  Probe x2  
  92  7:56  Probe  
  95  8:00  Pylon  
  77  8:29  Gateway  
  77  8:30  Immortal  
  77  8:32  Gateway  
  81  8:37  Pylon  
  81  8:38  Stalker x2  
  81  8:39  Stalker x3  
  81  8:40  Probe  
  90  9:08  Templar Archives  
  90  9:09  Warp Prism  
  92  9:10  Pylon  
  92  9:15  Gateway  
  92  9:16  Gateway  
  92  9:21  Probe x2  
  92  9:23  Probe  
  95  9:31  Probe  
Show
View Real Time Build Order
Export as new Build Order

tepia Zerg 

Build Orders: Pool First 

Get SALT Encoding   

  12  0:01  Drone  
  13  0:12  Overlord  
  13  0:17  Drone  
  14  0:30  Drone x2  
  14  0:34  Drone  
  17  0:50  Drone  
  17  0:51  Spawning Pool  
  17  0:57  Drone  
  18  1:05  Extractor  
  17  1:17  Hatchery  
  16  1:20  Drone  
  18  1:32  Drone  
  18  1:33  Drone  
  19  1:43  Queen  
  19  1:46  Zergling x2  
  22  1:53  Overlord  
  22  2:14  Metabolic Boost  
  22  2:17  Drone x2  
  24  2:25  Queen  
  24  2:27  Overlord  
  24  2:29  Drone  
  27  2:35  Queen  
  29  2:38  Drone  
  30  2:48  Drone x2  
  32  3:01  Drone x2  
  32  3:02  Drone x3  
  37  3:11  Drone  
  38  3:15  Drone  
  39  3:27  Drone x5  
  43  3:36  Roach Warren  
  42  3:41  Extractor  
  42  3:42  Overlord x2  
  42  3:43  Extractor  
  40  3:50  Lair  
  40  4:01  Pneumatized Carapace  
  40  4:08  Drone x8  
  48  4:18  Roach x4  
  56  4:36  Hatchery  
  55  4:39  Roach x2  
  59  4:51  Zergling x2  
  60  4:53  Overlord x4  
  60  4:58  Glial Reconstitution  
  60  5:12  Ravager  
  60  5:13  Ravager x3  
  64  5:17  Zergling x12  
  64  5:18  Zergling x2  
  71  5:38  Zergling x10  
  71  5:39  Zergling x4  
  78  5:49  Roach  
  82  6:04  Roach x5  
  69  6:53  Roach x12  
  84  7:04  Roach x3  
  84  7:07  Overlord x4  
  88  7:15  Overlord x2  
  88  7:16  Overlord  
  88  7:25  Ravager x2  
  88  7:26  Ravager x5  
  95  7:30  Drone x7  
  102  7:42  Drone x5  
  96  8:06  Ravager x4  
  75  8:21  Roach x7  
  75  8:22  Roach  
  73  8:28  Unknown  
  73  8:29  Zergling x2  
  73  8:30  Zergling x16  
  72  8:34  Zergling x2  
  51  8:55  Ravager  
  51  8:56  Ravager  
  51  8:57  Zergling x2  
  51  8:58  Zergling x8  
  51  9:01  Queen  
  57  9:04  Hatchery x2  
  57  9:09  Ravager  
  56  9:10  Zergling x4  
  56  9:13  Zergling x6  
  61  9:22  Evolution Chamber  
Tags
 
Add a new tag
Caveats
  • Supply blocks, unpowered buildings, or Contaminate may cause inaccurate times.
  • Supply counts are checked every 10 seconds.